 Dungeon Crawl Stone Soup version 0.30-a0-159-g068b764562 (webtiles) character file.

Game seed: 2425596532997875913

8987 qw the Cleaver (level 11, -1/56 HPs)
             Began as a Gargoyle Fighter on Sept 27, 2022.
             Was an Elder of Okawaru.
             Slain by a tentacled starspawn (9 damage)
             ... on level 2 of the Abyss.
             The game lasted 00:03:25 (8369 turns).

qw the Cleaver (Gargoyle Fighter)                   Turns: 8369, Time: 00:03:25

Health: -1/56      AC: 28    Str: 33    XL:     11   Next: 39%
Magic:  14/15      EV:  9    Int:  9    God:    Okawaru [****..]
Gold:   665        SH:  7    Dex:  4    Spells: 10/10 levels left

rFire   . . .      SeeInvis +    Y - +2 broad axe
rCold   . . .      Faith    .    h - +2 buckler
rNeg    + . .      Spirit   .    q - +0 plate armour
rPois   inf        Reflect  .    (no helmet)
rElec   +          Harm     .    i - +0 cloak
rCorr   .          Rampage  .    j - +2 pair of gloves
Will    .....      Rage     3%   (no boots)
Stlth   ..........               f - amulet of regeneration
HPRegen 0.98/turn                g - +6 ring of strength
MPRegen 0.14/turn                r - ring of see invisible

@: heroic
A: sickness immunity, AC +8, negative energy resistance 1, electricity
resistance, torment resistance 1, petrification resistance, berserk 1, screaming
1, strong 1, [clumsy 2], [frail 2]
a: Renounce Religion, Heroism, Finesse


You were on level 2 of the Abyss.
You worshipped Okawaru.
Okawaru was greatly pleased with you.
You visited 3 branches of the dungeon, and saw 11 of its levels.
You visited the Abyss 1 time.

You collected 665 gold pieces.


Innate Abilities, Weirdness & Mutations

You are immune to sickness and miasma.
Your stone body is resilient. (AC +8)
You are immune to poison.
You resist negative energy. (rN+)
You are resistant to electric shocks. (rElec)
You are resistant to unholy torment.
You are immune to petrification.
You sometimes lose your temper in combat.
You occasionally shout uncontrollably at your foes.
Your muscles are strong. (Str +4, Int/Dex -1)
[You are very clumsy. (Dex -4)]
[You are very frail. (-20% HP)]


   Skills:
 - Level 9.0(14.0) Fighting
 - Level 11.0(16.0) Axes
 - Level 3.8(8.8) Throwing
 + Level 7.5(12.5) Armour
 - Level 2.1(7.1) Dodging
 - Level 5.2(10.2) Shields
 + Level 5.8 Invocations


You had 10 spell levels left.
You didn't know any spells.
Your spell library was empty.

Inventory:

Hand Weapons
 n - a +2 morningstar of draining
 Y - a +2 broad axe (weapon)
Missiles
 k - 2 boomerangs (quivered)
Armour
 h - a +2 buckler (worn)
 i - a +0 cloak (worn)
 j - a +2 pair of gloves (worn)
 m - a +0 helmet
 o - +0 acid dragon scales
 q - a +0 plate armour (worn)
Jewellery
 f - an amulet of regeneration (around neck)
 g - a +6 ring of strength (left hand)
 r - a ring of see invisible (right hand)
Scrolls
 e - 3 scrolls of identify
Potions
 a - 2 potions of heal wounds
 b - 2 potions of lignification
 d - 2 potions of might
 l - 3 potions of curing

Dungeon Overview and Level Annotations

Branches:
Dungeon (9/15)             Temple (1/1) D:5            Lair (1/5) D:8
    Orc (0/2) D:9

Altars:
Ashenzari
Cheibriados
Dithmenos
Elyvilon
Fedhas
Gozag
Hepliaklqana
Kikubaaqudgha
Makhleb
Nemelex Xobeh
Okawaru
Qazlal
Ru
Sif Muna
Trog
Uskayaw
Vehumet
Wu Jian
Xom
Yredelemnul
Zin
The Shining One

Annotations:
D:8 1 runed translucent door
Lair:1 2 transporters, Sonja; qw's ghost, journeyman GrFi


Message History

The tentacled starspawn tentacle-slaps you!
You slice the tengu reaver zombie!!
The tengu reaver zombie is severely damaged.
You slash the tentacled starspawn! The tentacled starspawn bites you!
You block the tentacled starspawn's attack.
The tengu reaver zombie hits you.
The tengu reaver zombie pecks you but does no damage.
The tengu reaver zombie claws you but does no damage.
You slash the tengu reaver zombie!
The tengu reaver zombie is severely damaged.
You slash the tentacled starspawn! The tentacled starspawn bites you!
The tentacled starspawn tentacle-slaps you but does no damage.
8366 ||| DRINKING 5 potions of heal wounds.
You feel much better.
You block the tengu reaver zombie's attack. x2
The tengu reaver zombie claws you but does no damage.
The tentacled starspawn bites you!
The tentacled starspawn tentacle-slaps you but does no damage.
8367 ||| DRINKING 4 potions of heal wounds.
You feel much better.
You block the tengu reaver zombie's attack.
The tengu reaver zombie pecks you but does no damage.
You block the tengu reaver zombie's attack.
The tentacled starspawn bites you!!
The tentacled starspawn tentacle-slaps you but does no damage.
8368 ||| DRINKING 3 potions of heal wounds.
You feel much better.
The tengu reaver zombie hits you but does no damage.
The tengu reaver zombie barely misses you.
You block the tengu reaver zombie's attack.
A tentacle flies out from the starspawn's body!
A starspawn tentacle comes into view.
You slice the tengu reaver zombie!!
The tengu reaver zombie is almost destroyed.
You hit the tentacled starspawn. You slash the starspawn tentacle!
The tentacled starspawn bites you!
The tentacled starspawn tentacle-slaps you!
You die...

... ... # ...
.. #. ##.## #..
.#..##...###...
....#.....#....
#.............
#.Z@w.# ##wX.##
##.## #...#
#.....#
#....... .
...#.....#. ..
#.###...###...
#. # .## #...


You could see a tentacled starspawn, 2 starspawn tentacles and a tengu reaver
zombie.

Vanquished Creatures
  A two-headed ogre (D:9)
  A wretched star (Abyss:2)
  3 elephants (Lair:1)
  3 cane toads (Lair:1)
  A komodo dragon (Lair:1)
  A troll (D:9)
  Prince Ribbit (D:5)
  Grinder (D:4)
  6 yaks (D:9)
  Eustachio (D:5)
  A steam dragon (D:7)
  A wyvern (Lair:1)
  A neqoxec (Abyss:2)
  2 wargs (D:8)
  2 acid dragons (D:8)
  Duvessa (D:5)
  3 water moccasins
  2 orc warriors
  2 ice beasts
  An ogre (D:6)
  A black bear (D:4)
  2 centaurs
  A kobold brigand (D:8)
  3 phantoms
  3 bullfrogs
  A necrophage (D:7)
  3 scorpions
  9 wights
  Dowan (D:5)
  5 howler monkeys
  2 jellies
  6 orc priests
  A hound (D:5)
  An iron imp (D:5)
  6 orc wizards
  2 iguanas (D:5)
  6 adders
  3 gnolls (D:3)
  2 shadow imps (D:5)
  3 white imps
  2 ufetubi (D:5)
  5 worms
  2 dart slugs
  24 orcs
  6 ball pythons
  9 endoplasms
  3 giant cockroaches
  4 goblins
  6 hobgoblins
  2 jackals (D:3)
  6 quokkas
  2 bats
  A frilled lizard (D:3)
  14 kobolds
  24 rats
206 creatures vanquished.

Vanquished Creatures (others)
  4 fungi (Lair:1)
  9 plants
  2 starspawn tentacles (Abyss:2)
  2 withered plants (D:6)
17 creatures vanquished.

Grand Total: 223 creatures vanquished

Notes
Turn   | Place    | Note
-------+----------+-------------------------------------------
     0 | D:1      | qw the Gargoyle Fighter began the quest for the Orb.
     0 | D:1      | Reached XP level 1. HP: 14/14 MP: 1/1
     0 | D:1      | 0 ||| qw: Version: 0.2-a-10-g37ed214
     0 | D:1      | 0 ||| qw: Game counter: 545
     0 | D:1      | 0 ||| qw: Always use a shield: true
     0 | D:1      | 0 ||| qw: God list: Okawaru
     0 | D:1      | 0 ||| qw: Allow faded altars: false
     0 | D:1      | 0 ||| qw: Do Orc after D:15 true
     0 | D:1      | 0 ||| qw: Do second Lair branch before Depths: true
     0 | D:1      | 0 ||| qw: Lair rune preference: random
     0 | D:1      | 0 ||| qw: Plans: Normal, Zot:1-4, God:TSO, Crypt, Tomb,
                  | Pan, Slime:5, Hells, Abyss, Orb
     0 | D:1      | 0 ||| PLANNING D:1-11
    86 | D:1      | Reached skill level 2 in Axes
   173 | D:1      | Reached XP level 2. HP: 18/19 MP: 2/2
   174 | D:1      | 174 ||| Stepping ~*~*~tactically~*~*~ (stealth).
   374 | D:1      | 374 ||| Stepping ~*~*~tactically~*~*~ (stealth).
   393 | D:1      | Reached skill level 3 in Axes
   400 | D:1      | Reached XP level 3. HP: 9/23 MP: 3/3
   749 | D:1      | 749 ||| UPGRADING to +1 pair of gloves.
   754 | D:1      | 754 ||| UPGRADING to amulet of regeneration.
   759 | D:1      | 759 ||| READING scroll labelled WELEUL TUVIXAYMO.
   760 | D:1      | 760 ||| READING scroll labelled BALOLE BALEDIKHLE.
   761 | D:1      | 761 ||| READING scroll labelled MYAN WEOTYN.
   762 | D:1      | 762 ||| DRINKING 2 ruby potions.
   763 | D:1      | 763 ||| DROPPING potion of flight.
   815 | D:2      | 815 ||| Stepping ~*~*~tactically~*~*~ (hiding).
   829 | D:2      | Identified the +8 short sword "Baantaq" {elec, rC+}
   873 | D:2      | 873 ||| Stepping ~*~*~tactically~*~*~ (stealth).
   970 | D:2      | 970 ||| Stepping ~*~*~tactically~*~*~ (stealth).
  1177 | D:2      | Reached skill level 1 in Throwing
  1275 | D:2      | 1275 ||| UPGRADING to +0 cloak.
  1280 | D:2      | 1280 ||| READING scroll labelled ESTIPN WIUHUSOACE.
  1281 | D:2      | 1281 ||| READING scroll labelled XEQIAT ALLIELL.
  1282 | D:2      | 1282 ||| DRINKING 2 yellow potions.
  1299 | D:3      | Reached XP level 4. HP: 28/28 MP: 4/4
  1357 | D:3      | 1357 ||| DROPPING +1 hand axe of electrocution.
  1489 | D:3      | 1489 ||| DROPPING +0 club.
  1580 | D:3      | Reached skill level 4 in Axes
  1692 | D:3      | Reached XP level 5. HP: 32/32 MP: 5/5
  1893 | D:3      | Found a sparkling altar of Nemelex Xobeh.
  1927 | D:3      | 1927 ||| UPGRADING to +2 buckler.
  1937 | D:3      | 1937 ||| DROPPING +0 buckler.
  1938 | D:3      | 1938 ||| READING scroll labelled AHUDIFIDDI.
  1939 | D:3      | 1939 ||| READING scroll labelled DICYAPPYTT.
  1940 | D:3      | 1940 ||| DRINKING 2 black potions.
  1980 | D:4      | Noticed Grinder
  1981 | D:4      | 1981 ||| Stepping ~*~*~tactically~*~*~ (hiding).
  1982 | D:4      | 1982 ||| Stepping ~*~*~tactically~*~*~ (hiding).
  1993 | D:4      | Killed Grinder
  1994 | D:4      | Reached skill level 5 in Axes
  1994 | D:4      | Reached XP level 6. HP: 37/37 MP: 6/6
  2061 | D:4      | Found the +1 Delatra's gloves {ID++}
  2106 | D:4      | 2106 ||| SWAPPING to +0 broad axe.
  2107 | D:4      | 2107 ||| DROPPING +1 war axe of venom.
  2385 | D:4      | Found a glowing golden altar of the Shining One.
  2827 | D:4      | Reached XP level 7. HP: 44/44 MP: 7/7
  2862 | D:4      | Reached skill level 1 in Dodging
  2919 | D:4      | 2919 ||| UPGRADING to +0 chain mail.
  2929 | D:4      | 2929 ||| DROPPING +0 scale mail.
  2930 | D:4      | 2930 ||| READING 2 scrolls labelled FYEMEF OMAIT.
  2931 | D:4      | 2931 ||| READING scroll labelled ZOIFID QUHY.
  2932 | D:4      | 2932 ||| DROPPING scroll of blinking.
  2947 | D:5      | Entered Level 5 of the Dungeon
  2965 | D:5      | Noticed Eustachio
  2974 | D:5      | Killed Eustachio
  2975 | D:5      | Reached skill level 6 in Axes
  3006 | D:5      | Reached skill level 7 in Axes
  3008 | D:5      | Identified the +5 ring mail of Ithri {rElec rN+}
  3042 | D:5      | Noticed Duvessa
  3042 | D:5      | Noticed Dowan
  3043 | D:5      | 3043 ||| Stepping ~*~*~tactically~*~*~ (hiding).
  3051 | D:5      | Killed Duvessa
  3052 | D:5      | Reached XP level 8. HP: 50/50 MP: 8/8
  3065 | D:5      | Killed Dowan
  3185 | D:5      | Found a staircase to the Ecumenical Temple.
  3187 | D:5      | 3187 ||| PLANNING TEMPLE
  3187 | D:5      | 3187 ||| DROPPING +5 ring mail of Ithri {rElec rN+}.
  3188 | D:5      | 3188 ||| READING scroll labelled PUYMOZ PAOD.
  3189 | D:5      | 3189 ||| READING 3 scrolls of identify.
  3189 | D:5      | 3189 ||| IDENTIFYING white potion
  3195 | Temple   | Entered the Ecumenical Temple
  3346 | Temple   | 3346 ||| PLANNING OKAWARU WORSHIP
  3372 | Temple   | Became a worshipper of Warmaster Okawaru
  3373 | Temple   | 3373 ||| PLANNING D:1-11
  3410 | D:5      | 3410 ||| READING scroll of enchant armour.
  3410 | D:5      | 3410 ||| ENCHANTING +1 pair of gloves.
  3538 | D:5      | 3538 ||| Stepping ~*~*~tactically~*~*~ (stealth).
  3539 | D:5      | 3539 ||| Stepping ~*~*~tactically~*~*~ (stealth).
  3552 | D:5      | 3552 ||| Stepping ~*~*~tactically~*~*~ (stealth).
  3577 | D:5      | 3577 ||| DROPPING +0 mace.
  3774 | D:5      | Reached skill level 8 in Axes
  3778 | D:5      | Reached * piety under Okawaru
  3779 | D:5      | 3779 ||| INVOKING Heroism.
  3808 | D:5      | Reached skill level 6 in Fighting
  3808 | D:5      | Reached skill level 1 in Invocations
  3825 | D:5      | Found a snail-covered altar of Cheibriados.
  3874 | D:5      | Noticed Prince Ribbit
  3875 | D:5      | 3875 ||| Stepping ~*~*~tactically~*~*~ (stealth).
  3877 | D:5      | 3877 ||| INVOKING Heroism.
  3893 | D:5      | 3893 ||| INVOKING Heroism.
  3909 | D:5      | 3909 ||| INVOKING Heroism.
  3910 | D:5      | Killed Prince Ribbit
  3911 | D:5      | Reached skill level 3 in Invocations
  3911 | D:5      | Reached XP level 9. HP: 41/55 MP: 6/11
  3949 | D:5      | 3949 ||| DROPPING +2 flail.
  3975 | D:5      | 3975 ||| INVOKING Heroism.
  3996 | D:5      | Found a bloodstained altar of Trog.
  4055 | D:5      | 4055 ||| UPGRADING to +6 ring of strength.
  4056 | D:5      | 4056 ||| READING scroll labelled WUWUNA OVOS.
  4057 | D:5      | 4057 ||| READING scroll labelled XICRUTI KIFI.
  4170 | D:6      | Found a stormy altar of Qazlal.
  4199 | D:6      | 4199 ||| Stepping ~*~*~tactically~*~*~ (hiding).
  4200 | D:6      | 4200 ||| Stepping ~*~*~tactically~*~*~ (hiding).
  4201 | D:6      | 4201 ||| Stepping ~*~*~tactically~*~*~ (hiding).
  4202 | D:6      | 4202 ||| Stepping ~*~*~tactically~*~*~ (hiding).
  4303 | D:6      | 4303 ||| INVOKING Heroism.
  4381 | D:6      | 4381 ||| Stepping ~*~*~tactically~*~*~ (stealth).
  4382 | D:6      | 4382 ||| INVOKING Heroism.
  4416 | D:6      | 4416 ||| INVOKING Heroism.
  4646 | D:6      | Found an ancient bone altar of Kikubaaqudgha.
  4740 | D:6      | 4740 ||| Stepping ~*~*~tactically~*~*~ (hiding).
  4743 | D:6      | 4743 ||| Stepping ~*~*~tactically~*~*~ (hiding).
  4772 | D:6      | Found a shimmering altar of Xom.
  4822 | D:6      | Reached skill level 9 in Axes
  4829 | D:6      | 4829 ||| READING scroll labelled OCKEXU YR PAPH.
  4830 | D:6      | 4830 ||| READING scroll labelled JAWURU FAMM.
  4841 | D:6      | 4841 ||| READING 2 scrolls of identify.
  4841 | D:6      | 4841 ||| IDENTIFYING lumpy orange potion
  4874 | D:7      | 4874 ||| Stepping ~*~*~tactically~*~*~ (stealth).
  4875 | D:7      | 4875 ||| Stepping ~*~*~tactically~*~*~ (stealth).
  4876 | D:7      | 4876 ||| Stepping ~*~*~tactically~*~*~ (stealth).
  4877 | D:7      | 4877 ||| Stepping ~*~*~tactically~*~*~ (stealth).
  4878 | D:7      | 4878 ||| Stepping ~*~*~tactically~*~*~ (stealth).
  4879 | D:7      | 4879 ||| Stepping ~*~*~tactically~*~*~ (stealth).
  4880 | D:7      | 4880 ||| Stepping ~*~*~tactically~*~*~ (stealth).
  4899 | D:7      | 4899 ||| Stepping ~*~*~tactically~*~*~ (stealth).
  5322 | D:7      | 5322 ||| Stepping ~*~*~tactically~*~*~ (hiding).
  5328 | D:7      | 5328 ||| INVOKING Heroism.
  5332 | D:7      | 5332 ||| Stepping ~*~*~tactically~*~*~ (cloud).
  5364 | D:7      | Found a shimmering blue altar of Sif Muna.
  5647 | D:7      | 5647 ||| UPGRADING to +0 plate armour.
  5657 | D:7      | 5657 ||| DROPPING +0 chain mail.
  5658 | D:7      | 5658 ||| READING scroll labelled TAETSE RUKI.
  5778 | D:8      | 5778 ||| INVOKING Heroism.
  5780 | D:8      | 5780 ||| Stepping ~*~*~tactically~*~*~ (hiding).
  5781 | D:8      | 5781 ||| Stepping ~*~*~tactically~*~*~ (hiding).
  5791 | D:8      | 5791 ||| Stepping ~*~*~tactically~*~*~ (stealth).
  5809 | D:8      | 5809 ||| DRINKING 2 potions of curing.
  5809 | D:8      | 5809 ||| (to cure confusion)
  5813 | D:8      | 5813 ||| DRINKING potion of curing.
  5813 | D:8      | 5813 ||| (to cure confusion)
  5820 | D:8      | 5820 ||| Stepping ~*~*~tactically~*~*~ (stealth).
  5836 | D:8      | 5836 ||| Stepping ~*~*~tactically~*~*~ (stealth).
  5837 | D:8      | 5837 ||| Stepping ~*~*~tactically~*~*~ (stealth).
  5852 | D:8      | 5852 ||| INVOKING Heroism.
  5863 | D:8      | Reached ** piety under Okawaru
  5864 | D:8      | Reached skill level 6 in Armour
  5889 | D:8      | 5889 ||| Stepping ~*~*~tactically~*~*~ (hiding).
  5895 | D:8      | 5895 ||| INVOKING Heroism.
  5979 | D:8      | Found a runed translucent door.
  5999 | D:8      | 5999 ||| INVOKING Heroism.
  6002 | D:8      | Reached XP level 10. HP: 63/63 MP: 10/13
  6024 | D:8      | Found a staircase to the Lair.
  6089 | D:8      | 6089 ||| INVOKING Heroism.
  6124 | D:8      | 6124 ||| READING scroll of enchant weapon.
  6124 | D:8      | 6124 ||| ENCHANTING +0 broad axe.
  6365 | D:8      | Reached skill level 10 in Axes
  6837 | D:9      | 6837 ||| INVOKING Heroism.
  6950 | D:9      | 6950 ||| INVOKING Heroism.
  6970 | D:9      | 6970 ||| READING scroll of enchant weapon.
  6970 | D:9      | 6970 ||| ENCHANTING +1 broad axe.
  6987 | D:9      | Noticed a two-headed ogre
  6988 | D:9      | 6988 ||| INVOKING Heroism.
  6996 | D:9      | Killed a two-headed ogre
  6997 | D:9      | Reached skill level 3 in Throwing
  7030 | D:9      | Found a hide-covered altar of Uskayaw.
  7037 | D:9      | 7037 ||| READING scroll labelled MIFAIR UG CAP.
  7039 | D:9      | 7039 ||| DRINKING 2 fuming blue potions.
  7270 | D:9      | Identified the +0 robe of Lemenoas {Stlth+}
  7336 | D:9      | 7336 ||| Stepping ~*~*~tactically~*~*~ (stealth).
  7343 | D:9      | 7343 ||| INVOKING Heroism.
  7350 | D:9      | Reached *** piety under Okawaru
  7358 | D:9      | Received a gift from Okawaru
  7551 | D:9      | Found a staircase to the Orcish Mines.
  7590 | D:9      | 7590 ||| UPGRADING to ring of see invisible.
  7591 | D:9      | 7591 ||| DROPPING potion of berserk rage.
  7696 | D:8      | Found a hazy altar of Hepliaklqana.
  7697 | D:8      | 7697 ||| PLANNING LAIR
  7748 | Lair:1   | Entered Level 1 of the Lair of Beasts
  7751 | Lair:1   | Found a transporter.
  7755 | Lair:1   | Found a transporter.
  7756 | Lair:1   | Noticed a spriggan rider
  7756 | Lair:1   | Noticed a spriggan berserker
  7757 | Lair:1   | Noticed qw's ghost (journeyman GrFi)
  7758 | Lair:1   | Noticed a moth of wrath
  7765 | Lair:1   | Noticed a spriggan rider
  7792 | Lair:1   | Found a bloodstained altar of Trog.
  7831 | Lair:1   | Noticed a cane toad
  7832 | Lair:1   | 7832 ||| INVOKING Heroism.
  7834 | Lair:1   | Killed a cane toad
  7903 | Lair:1   | Noticed an elephant
  7904 | Lair:1   | Noticed an elephant
  7905 | Lair:1   | 7905 ||| Stepping ~*~*~tactically~*~*~ (stealth).
  7909 | Lair:1   | 7909 ||| Stepping ~*~*~tactically~*~*~ (stealth).
  7916 | Lair:1   | Killed an elephant
  7917 | Lair:1   | Reached skill level 11 in Axes
  7917 | Lair:1   | Reached XP level 11. HP: 55/68 MP: 14/14
  7924 | Lair:1   | 7924 ||| Stepping ~*~*~tactically~*~*~ (stealth).
  7925 | Lair:1   | 7925 ||| Stepping ~*~*~tactically~*~*~ (stealth).
  7938 | Lair:1   | Reached **** piety under Okawaru
  7972 | Lair:1   | 7972 ||| INVOKING Heroism.
  8001 | Lair:1   | Reached skill level 9 in Fighting
  8005 | Lair:1   | 8005 ||| INVOKING Heroism.
  8225 | Lair:1   | 8225 ||| INVOKING Heroism.
  8284 | Lair:1   | Noticed Sonja
  8296 | Abyss:2  | Cast into level 2 of the Abyss (Sonja)
  8317 | Abyss:2  | Gained mutation: Armour fits poorly on your strangely
                  | shaped body. [a neqoxec]
  8321 | Abyss:2  | Gained mutation: You have large cloven feet. [a neqoxec]
  8323 | Abyss:2  | 8323 ||| DRINKING potion of mutation.
  8323 | Abyss:2  | Lost mutation: Armour fits poorly on your strangely shaped
                  | body. [potion of mutation]
  8323 | Abyss:2  | Lost mutation: You have large cloven feet. [potion of
                  | mutation]
  8323 | Abyss:2  | Gained mutation: You sometimes lose your temper in combat.
                  | [potion of mutation]
  8323 | Abyss:2  | Gained mutation: Your muscles are strong. (Str +4, Int/Dex
                  | -1) [potion of mutation]
  8323 | Abyss:2  | Gained mutation: You occasionally shout uncontrollably at
                  | your foes. [potion of mutation]
  8327 | Abyss:2  | 8327 ||| Stepping ~*~*~tactically~*~*~ (stealth).
  8330 | Abyss:2  | 8330 ||| Stepping ~*~*~tactically~*~*~ (stealth).
  8344 | Abyss:2  | Noticed a thrashing horror
  8345 | Abyss:2  | 8345 ||| Stepping ~*~*~tactically~*~*~ (stealth).
  8345 | Abyss:2  | Noticed a tentacled starspawn
  8346 | Abyss:2  | 8346 ||| Stepping ~*~*~tactically~*~*~ (stealth).
  8347 | Abyss:2  | 8347 ||| Stepping ~*~*~tactically~*~*~ (stealth).
  8348 | Abyss:2  | Noticed a wretched star
  8349 | Abyss:2  | 8349 ||| Stepping ~*~*~tactically~*~*~ (hiding).
  8355 | Abyss:2  | 8355 ||| INVOKING Heroism.
  8363 | Abyss:2  | Killed a wretched star
  8365 | Abyss:2  | HP: 11/56 [tentacled starspawn (14)]
  8366 | Abyss:2  | 8366 ||| DRINKING 5 potions of heal wounds.
  8367 | Abyss:2  | 8367 ||| DRINKING 4 potions of heal wounds.
  8367 | Abyss:2  | HP: 3/56 [tentacled starspawn (26)]
  8368 | Abyss:2  | 8368 ||| DRINKING 3 potions of heal wounds.
  8369 | Abyss:2  | Slain by a tentacled starspawn

Levels and vault maps discovered:
D:1:      eino_arrival_water_star, layout_rooms
D:2:      layout_basic, amcnicky_mini_pool_small
D:3:      layout_loops_ring, nemelex_diamond_rough_becter
D:4:      layout_basic, lemuel_tele_altar, minmay_rat_hole, uniq_grinder
D:5:      layout_basic, slow_altar_2, marbit_many_paths,
          minmay_temple_entry_gardened_gates, uniq_eustachio,
          uniq_prince_ribbit1, uniq_duvessa
D:6:      layout_gridville, xom_teletrap_fun, grunt_qazlal_clouds,
          kiku_gazebo_garden_becter, kennysheep_nondescript, minmay_diced_spiral
D:7:      layout_basic, general_overflow_altar, item_on_display_a
D:8:      layout_basic, nicolae_overflow_hidden_temple,
          erik_lair_orcish_takeover, lightli_church_of_beogh
D:9:      layout_roguey, amcnicky_altar_gilded, orc_0_dummy, grunt_ministairs_14
Temple:   nicolae_temple_slightly_damp_pantheon
Lair:1:   layout_roguey, gammafunk_ghost_wrathful_warriors, uniq_sonja
Abyss:2:  base:
D:13

Skill      XL: |  1  2  3  4  5  6  7  8  9 10 11 |
---------------+----------------------------------+-----
Axes           | 2 3 4 5 7 8 9 11 | 11.0
Throwing       | 1 2 3 |  3.8
Fighting       | 4 5 6 7 8 9 |  9.0
Dodging        | 1 2 |  2.1
Armour         | 4 6 7 |  7.5
Invocations    | 3 4 5 |  5.8
Shields        | 4 5 |  5.2

Action                   |  1- 3 |  4- 6 |  7- 9 | 10-12 || total
-------------------------+-------+-------+-------+-------++-------
Melee: War axe           |   108 |    43 |       |       ||   151
       Broad axe         |       |   104 |   275 |   169 ||   548
Throw: Javelin           |     9 |    28 |    35 |    31 ||   103
       Boomerang         |       |       |     6 |    10 ||    16
Invok: Heroism           |       |       |    13 |    10 ||    23
  Use: Scroll            |     5 |     2 |    11 |     3 ||    21
       Potion            |     2 |     1 |     2 |     5 ||    10
Armor: Scale mail        |    52 |    87 |    16 |       ||   155
       Chain mail        |       |       |   114 |       ||   114
       Plate armour      |       |       |    22 |   107 ||   129
Dodge: Dodged            |    39 |    80 |    81 |    43 ||   243
Block: Buckler           |    19 |    46 |    65 |    52 ||   182

Table legend:
 A = Non-vault XP
 B = Vault XP
 C = Vault XP percentage of total XP
 D = Non-vault monster count
 E = Vault monster count
 F = Vault count percentage of total count
                 A         B        C        D         E       F
            +---------+---------+-------+---------+---------+-------
      Total |   10601 |    2238 |  17.4 |     161 |      45 |  21.8
            +---------+---------+-------+---------+---------+-------
        D:1 |      37 |       0 |   0.0 |      23 |       0 |   0.0
        D:2 |      41 |       0 |   0.0 |      12 |       0 |   0.0
        D:3 |      93 |       0 |   0.0 |      19 |       0 |   0.0
        D:4 |     286 |     306 |  51.7 |      20 |      20 |  50.0
        D:5 |    1010 |     790 |  43.9 |      25 |       6 |  19.4
        D:6 |     533 |      94 |  15.0 |      13 |       3 |  18.8
        D:7 |     637 |       0 |   0.0 |       9 |       0 |   0.0
        D:8 |    1016 |     676 |  40.0 |      17 |      10 |  37.0
        D:9 |    2567 |     372 |  12.7 |      11 |       6 |  35.3
     Lair:1 |    3437 |       0 |   0.0 |      10 |       0 |   0.0
    Abyss:2 |     944 |       0 |   0.0 |       2 |       0 |   0.0
            +---------+---------+-------+---------+---------+-------
